 Dungeon Crawl Stone Soup version 0.24-a0-537-g2d01d4ab0a (webtiles) character file.

Game seed: 17591413008536809609

122 Mithandil the Conjurer (level 5, 0/29 HPs)
             Began as a Tengu Conjurer on Aug 12, 2019.
             Killed from afar by an orc wizard (5 damage)
             ... with a magic dart
             ... on level 3 of the Dungeon.
             The game lasted 00:10:18 (2238 turns).

Mithandil the Conjurer (Tengu Conjurer)             Turns: 2238, Time: 00:10:18

Health: 0/29       AC:  5    Str:  9    XL:     5   Next: 6%
Magic:  4/10       EV: 15    Int: 15    God:
Gold:   194        SH:  0    Dex: 15    Spells: 7/10 levels left

rFire    . . .     SeeInvis .   g - +1 whip
rCold    . . .     Gourm    .   (no shield)
rNeg     . . .     Faith    .   d - +0 leather armour
rPois    .         Spirit   .   (helmet restricted)
rElec    .         Reflect  .   h - +0 cloak
rCorr    .         Harm     .   l - +0 pair of gloves
MR       .....                  (boots unavailable)
Stlth    ++........             (no amulet)
HPRegen  0.09/turn              (no ring)
MPRegen  0.12/turn              (no ring)

@: flying quickly and evasively, quick
A: beak, talons 3, able to fly
a: Stop Flying


You were on level 3 of the Dungeon.
You were not hungry.

You visited 1 branch of the dungeon, and saw 3 of its levels.

You collected 194 gold pieces.

Inventory:

Hand Weapons
 b - a +0 hunting sling
 g - a +1 whip (weapon)
 o - a +0 spear
Missiles
 m - 88 stones (quivered)
Armour
 d - a +0 leather armour (worn)
 h - a +0 cloak (worn)
 l - a +0 pair of gloves (worn)
Scrolls
 k - a scroll of identify
 n - a scroll of remove curse
Potions
 a - a potion of might
 e - 2 potions of curing
Comestibles
 c - 4 rations


   Skills:
 + Level 1.2 Fighting
 + Level 2.9 Dodging
 + Level 2.7 Stealth
 * Level 3.0 Spellcasting
 * Level 6.3 Conjurations


You had 7 spell levels left.
You knew the following spells:

 Your Spells              Type           Power        Failure   Level  Hunger
a - Magic Dart            Conj           ###.         2%          1    #......
b - Searing Ray           Conj           ###...       3%          2    ##.....

Your spell library contained the following spells:

 Spells                   Type           Power        Failure   Level  Hunger
 Iskenderun's Mystic Bla  Conj           ###.....     22%         4    #####..
 Dazzling Spray           Conj/Hex       ##....       24%         3    ###....
 Force Lance              Conj/Tloc      ##......     61%         4    #####..
 Fulminant Prism          Conj/Hex       ##........   61%         4    #####..


Dungeon Overview and Level Annotations

Branches:
Dungeon (3/15)

Altars:
Dithmenos
Yredelemnul


Innate Abilities, Weirdness & Mutations

You have a beak for a mouth.
You have claws for feet.
You can fly continuously.


Message History

You closely miss the orc wizard.
The orc wizard is almost dead.
The orc wizard hits you but does no damage.
The orc misses you. The orc wizard casts a spell at you.
The puff of flame hits you!
You closely miss the orc wizard.
You claw the orc wizard, but do no damage.
Your peck misses the orc wizard.
The orc wizard is almost dead.
The orc wizard gestures at you while chanting.
The puff of flame hits you.
* * * LOW HITPOINT WARNING * * *
The orc closely misses you.
You barely miss the orc wizard.
You claw the orc wizard, but do no damage.
The orc wizard is almost dead.
The orc wizard casts a spell at you. The magic dart hits you.
You die...

#######
##..<..#
##......#
#..P.P..#
#..._...#
#..P.P.@#
#......oo#
#>.........
#>...†....†..
#.
##.....$...)...
#.
##.....#....>#
#. .
##.##########
#.###. #. ....
#..#


You could see an orc wizard and an orc.

Vanquished Creatures
  7 gnolls
  3 adders
  A leopard gecko (D:1)
  2 orcs (D:3)
  A giant cockroach (D:1)
  4 goblins
  2 hobgoblins
  6 bats
  2 frilled lizards (D:1)
  2 kobolds
  4 rats
34 creatures vanquished.

Notes
Turn   | Place    | Note
-------+----------+-------------------------------------------
     0 | D:1      | Mithandil the Tengu Conjurer began the quest for the Orb.
     0 | D:1      | Reached XP level 1. HP: 10/10 MP: 4/4
   258 | D:1      | Reached XP level 2. HP: 15/15 MP: 4/6
   262 | D:1      | Learned a level 2 spell: Searing Ray
   742 | D:3      | Reached XP level 3. HP: 20/20 MP: 2/7
  1077 | D:2      | Found a shadowy altar of Dithmenos.
  1396 | D:2      | Reached XP level 4. HP: 24/24 MP: 4/8
  1405 | D:2      | Reached skill level 1 in Fighting
  1405 | D:2      | Reached skill level 6 in Conjurations
  1975 | D:3      | Gained mutation: You can fly continuously. [Tengu growth]
  1975 | D:3      | Reached XP level 5. HP: 4/29 MP: 1/10
  2215 | D:3      | Found a basalt altar of Yredelemnul.
  2238 | D:3      | Killed from afar by an orc wizard

Levels and vault maps discovered:
D:1:      dpeg_arrival_solitude, layout_basic
D:2:      layout_basic, nicolae_dithmenos_through_a_glass_darkly
D:3:      cheibrodos_pilgrimage, layout_rooms, yredelemnul_altar_generic,
          gammafunk_temple_overflow_pools, kennysheep_small_spiral,
          amethyst_killhole

Skill      XL: |  1  2  3  4  5 |
---------------+----------------+-----
Fighting       | 1 |  1.2
Conjurations   | 6 |  6.3
Spellcasting   | 3 |  3.0
Dodging        | |  2.9
Stealth        | |  2.7

Action                   |  1- 3 |  4- 6 || total
-------------------------+-------+-------++-------
Melee: Whip              |    20 |    21 ||    41
       Kick              |     2 |     5 ||     7
       Peck              |     3 |     3 ||     6
 Cast: Magic Dart        |    29 |     8 ||    37
       Searing Ray       |     1 |     4 ||     5
 Abil: Fly               |       |     1 ||     1
  Use: Scroll            |     6 |       ||     6
       Potion            |     4 |       ||     4
  Eat: Chunk             |     2 |     3 ||     5
Armor: Robe              |     2 |       ||     2
       Leather armour    |     3 |     3 ||     6
Dodge: Dodged            |    15 |    24 ||    39

Table legend:
 A = Non-vault XP
 B = Vault XP
 C = Vault XP percentage of total XP
 D = Non-vault monster count
 E = Vault monster count
 F = Vault count percentage of total count
                 A         B        C        D         E       F
            +---------+---------+-------+---------+---------+-------
      Total |     175 |       0 |   0.0 |      34 |       0 |   0.0
            +---------+---------+-------+---------+---------+-------
        D:1 |      19 |       0 |   0.0 |      12 |       0 |   0.0
        D:2 |      65 |       0 |   0.0 |      11 |       0 |   0.0
        D:3 |      91 |       0 |   0.0 |      11 |       0 |   0.0
            +---------+---------+-------+---------+---------+-------
